 Dungeon Crawl Stone Soup version 0.30.1-11-g7821555f0a (webtiles) character file.

Game seed: 4174907012717628359

1646 Jerry the Chopper (level 8, -6/68 HPs)
             Began as a Demigod Fighter on Dec 12, 2023.
             Killed by divine providence
             ... invoked by an orc priest
              (8 damage)
             ... on level 6 of the Dungeon.
             The game lasted 00:14:54 (6311 turns).

Jerry the Chopper (Demigod Fighter)                 Turns: 6311, Time: 00:14:55

Health: -6/68      AC:  9    Str: 21    XL:     8   Next: 40%
Magic:  10/10      EV:  9    Int: 10    God:
Gold:   368        SH:  6    Dex: 17    Spells: 7/7 levels left

rFire   . . .        a - +1 war axe (drain)
rCold   . . .        c - +0 buckler
rNeg    . . .        x - +0 scale mail {rPois}
rPois   +            i - +0 helmet
rElec   .            (no cloak)
rCorr   .            l - +0 pair of gloves
SInv    .            (no boots)
Will    .....        (no amulet) Stlth
                     (no ring)
HPRegen 0.31/turn    (no ring)
MPRegen 0.12/turn

%: no passive effects
@: lethally poisoned (-6 -> -8)
A: high MP 1, forlorn, divine attributes
a: no special abilities


You were on level 6 of the Dungeon.
You visited 2 branches of the dungeon, and saw 7 of its levels.

You collected 368 gold pieces.

Inventory:

Hand Weapons
 a - a +1 war axe of draining (weapon)
Missiles
 t - 2 throwing nets (quivered)
Armour
 c - a +0 buckler (worn)
 i - a +0 helmet (worn)
 l - a +0 pair of gloves (worn)
 r - a +0 plate armour
 x - a +0 scale mail of poison resistance (worn)
Wands
 o - a wand of flame (5)
 q - a wand of roots (7)
Scrolls
 f - 2 scrolls of magic mapping
 k - 3 scrolls of teleportation
 m - 3 scrolls of poison
 p - 4 scrolls of identify
Potions
 b - 2 potions of attraction
 d - 4 potions of might
 e - a potion of flight {unknown}
 g - a potion of magic {unknown}
 h - a potion of brilliance
 j - 6 potions of curing {unknown}
 n - a potion of resistance {unknown}
 u - a potion of lignification {unknown}
 v - a potion of heal wounds {unknown}


   Skills:
 + Level 5.3 Fighting
 * Level 6.6 Axes
 + Level 5.2 Armour
 + Level 5.2 Shields


You had 7 spell levels left.
You didn't know any spells.
Your spell library contained the following spells:

 Spells                   Type           Power      Damage    Failure   Level
 Foxfire                  Conj/Fire      0%         2x1d4     75%         1
 Kiss of Death            Conj/Necr      0%         2d5       75%         1
 Magic Dart               Conj           0%         1d3       75%         1
 Slow                     Hex            0%         N/A       75%         1
 Call Imp                 Summ           0%         N/A       87%         2
 Confusing Touch          Hex            0%         N/A       98%         3
 Dazzling Flash           Conj/Hex       0%         N/A       98%         3
 Hailstorm                Conj/Ice       0%         3d3       98%         3
 Mephitic Cloud           Conj/Pois/Air  0%         N/A       98%         3
 Vampiric Draining        Necr           0%         2d6       98%         3
 Dispel Undead            Necr           0%         3d6       100%        4
 Ice Form                 Ice/Tmut       0%         N/A       100%        4
 Agony                    Necr           0%         N/A       100%        5
 Fireball                 Conj/Fire      0%         3d3       100%        5
 Silence                  Hex/Air        0%         N/A       100%        5
 Plasma Beam              Fire/Air       0%         2x1d11    100%        6
 Simulacrum               Ice/Necr       0%         N/A       100%        6
 Starburst                Conj/Fire      0%         6d3       100%        6


Dungeon Overview and Level Annotations

Branches:
Dungeon (6/15)             Temple (1/1) D:5

Shops:
D:1 (


Innate Abilities, Weirdness & Mutations

You have an increased reservoir of magic. (+10% MP)
You shall have no god before yourself.
Your divine heritage dramatically boosts your attributes as you level up.


Message History

You slash the adder!
You kill the adder!
The orc priest invokes the aid of Beogh against you.
Beogh smites you!
* * * LOW HITPOINT WARNING * * *
You slash the orc warrior!
You kill the orc warrior!
You hit the adder.
The adder is heavily wounded.
The adder bites you but does no damage.
You barely miss the adder.
The adder is heavily wounded.
The adder bites you but does no damage. The adder closely misses you.
You completely miss the adder.
The adder is heavily wounded.
The adder completely misses you.
You closely miss the adder.
The adder is heavily wounded.
The adder barely misses you. The adder bites you but does no damage.
You miss the adder.
The adder is heavily wounded.
You block the adder's attack. The adder bites you.
* * * LOW HITPOINT WARNING * * *
You barely miss the adder.
The adder is heavily wounded.
The adder bites you but does no damage.
You barely miss the adder.
The adder is heavily wounded.
The adder bites you.
* * * LOW HITPOINT WARNING * * *
You are poisoned.
The adder poisons you! The adder bites you.
* * * LOW HITPOINT WARNING * * *
You closely miss the adder.
The adder is heavily wounded.
* * * LOW HITPOINT WARNING * * *
You feel sick. The adder completely misses you.
The orc priest calls down the wrath of Beogh upon you.
Beogh smites you!
You die...

#...................#.#......#
#..#####.###.###.##.#.######.#
.............................#
#.......#.#...##.#############
.#......#.#...##............<#
#.......+.#..#################
#.......###..#
.#####..###..#######
##............oS@..#
#...........#.####.#
##..#...#####...# #
#...####...o)..#
#.###......#...# ###
.####.#...# . #.### #. #.# #
#.#


You could see an orc priest and an adder.

Vanquished Creatures
  A steam dragon (D:5)
  A water moccasin (D:5)
  A sky beast (D:5)
  An orc warrior (D:6)
  An ogre (D:5)
  2 phantoms
  4 scorpions
  3 hounds
  4 orc priests
  A sleepcap (D:6)
  4 iguanas
  4 orc wizards
  9 gnolls
  14 adders
  An ufetubus (D:6)
  2 dart slugs
  24 orcs
  4 bats
  6 endoplasms
  4 giant cockroaches
  2 goblins (D:2)
  7 hobgoblins
  8 jackals
  2 quokkas
  10 ball pythons
  3 frilled lizards
  9 kobolds
  7 rats
139 creatures vanquished.

Vanquished Creatures (others)
  A dart slug (D:5)
1 creature vanquished.

Grand Total: 140 creatures vanquished

Notes
Turn   | Place    | Note
-------+----------+-------------------------------------------
     0 | D:1      | Jerry the Demigod Fighter began the quest for the Orb.
     0 | D:1      | Reached XP level 1. HP: 18/18 MP: 3/3
    84 | D:1      | Found Yly Jesy's Weapon Boutique.
   351 | D:1      | Reached skill level 2 in Axes
   403 | D:1      | Reached XP level 2. HP: 20/25 MP: 4/4
  1038 | D:2      | Reached XP level 3. HP: 20/31 MP: 5/5
  1391 | D:2      | Reached XP level 4. HP: 38/38 MP: 6/6
  1683 | D:3      | Reached skill level 3 in Axes
  2013 | D:3      | Reached XP level 5. HP: 45/45 MP: 7/7
  3192 | D:4      | Reached skill level 4 in Axes
  3192 | D:4      | Reached XP level 6. HP: 6/52 MP: 8/8
  4195 | D:5      | Entered Level 5 of the Dungeon
  4205 | D:5      | Noticed a steam dragon
  4218 | D:5      | Killed a steam dragon
  4224 | D:5      | Reached XP level 7. HP: 28/59 MP: 9/9
  4311 | D:5      | Reached skill level 5 in Axes
  4584 | D:5      | Found a staircase to the Ecumenical Temple.
  4606 | Temple   | Entered the Ecumenical Temple
  5093 | D:5      | Reached XP level 8. HP: 67/67 MP: 10/10
  5096 | D:5      | Reached skill level 6 in Axes
  5506 | D:6      | Reached skill level 5 in Fighting
  5689 | D:6      | Reached skill level 5 in Armour
  5783 | D:6      | Reached skill level 5 in Shields
  5967 | D:5      | HP: 1/68 [something (15)]
  6311 | D:6      | HP: 2/68 [poisoned by an adder]
  6311 | D:6      | Killed from afar by an orc priest

Illustrated notes

Levels and vault maps discovered:
D:1:      wheals_arrival_shading, layout_basic, serial_shops,
          nicolae_shop_tiny_statue_garden
D:2:      layout_loops_cross, basic_altar
D:3:      layout_basic, mainiacjoe_overflow_concentric_impassable,
          nicolae_hexahallways, minmay_vboxes
D:4:      layout_basic, kennysheep_orc_sif_temple
D:5:      layout_loops_ring, minmay_temple_entry_stoned_glass,
          small_statue_alley_b, lemuel_flamethrower_2
D:6:      minmay_evil_eye, layout_basic, tso_oasis_becter,
          mainiacjoe_overflow_cross_hatched, grunt_decor_mini_mirrors,
          minmay_misc_feat_roman
Temple:   minmay_temple_bridge_abc

Skill      XL: |  1  2  3  4  5  6  7  8 |
---------------+-------------------------+-----
Axes           | 2 3 4 5 6 |  6.6
Fighting       | 3 4 5 |  5.3
Armour         | 3 4 5 |  5.2
Shields        | 3 4 5 |  5.2

Action                     |  1- 3 |  4- 6 |  7- 9 || total
---------------------------+-------+-------+-------++-------
  Melee: War axe           |   127 |   202 |   135 ||   464
    Use: Scroll            |     2 |     6 |       ||     8
         Potion            |       |     1 |       ||     1
 Armour: Scale mail        |    87 |    67 |    53 ||   207
         Plate armour      |       |    76 |       ||    76
  Dodge: Dodged            |    81 |    80 |    53 ||   214
  Block: Buckler           |    26 |    53 |    34 ||   113
